Map: Frozen Temple

Players

Pokebunny - Winner!

  • Race: Terran Terran
  • League: Grandmaster

Snake

  • Race: Zerg Zerg
  • League: Grandmaster

VOD

Have the link to the VOD?

Description

Time

  • Played on: April 5, 2016, 12:52 a.m.
  • Length: 5:31
Show
View Real Time Build Order
Export as new Build Order

Pokebunny Terran - Winner!

Build Orders: Reaper Expand 

Get SALT Encoding   

  12  0:01  SCV  
  13  0:13  SCV  
  14  0:18  Supply Depot  
  14  0:25  SCV  
  15  0:40  SCV  
  15  0:41  Barracks  
  16  0:44  Refinery  
  16  0:52  SCV  
  17  1:04  SCV  
  18  1:16  SCV  
  19  1:29  Reaper, Orbital Command  
  20  1:40  Command Center  
  20  1:48  Supply Depot  
  20  1:54  SCV  
  21  2:02  Barracks Reactor  
  21  2:05  Barracks  
  21  2:08  SCV  
  22  2:17  Barracks  
  22  2:21  SCV  
  23  2:31  Refinery  
  23  2:44  Marine  
  23  2:45  Marine, SCV  
  26  2:53  Barracks Tech Lab  
  26  2:56  Factory  
  27  3:00  SCV  
  27  3:02  Orbital Command  
  27  3:17  Marine x2  
  29  3:21  Marine x2  
  29  3:22  SCV, Stimpack  
  32  3:29  SCV  
  33  3:35  SCV  
  33  3:38  Marine  
  33  3:40  Starport, Marine x2, Factory Reactor  
  37  3:42  SCV  
  38  3:51  Supply Depot  
  38  3:53  SCV  
  38  3:54  Marine, SCV  
  41  3:59  Marine x3  
  44  4:10  SCV x2  
  44  4:12  Marine  
  44  4:15  Supply Depot  
  47  4:17  Marine  
  47  4:24  SCV x2, Medivac x2  
  50  4:30  Supply Depot  
  54  4:32  Factory Tech Lab  
  54  4:37  Marine x2  
  56  4:40  Marine x2  
  58  4:51  SCV x2  
  60  4:55  Marine x2  
  60  4:56  Medivac x2  
  60  4:59  Supply Depot  
  66  5:03  SCV x2  
  68  5:07  Supply Depot  
  68  5:08  Supply Depot  
  68  5:09  Marine x2, Bunker  
Show
View Real Time Build Order
Export as new Build Order

Snake Zerg 

Build Orders: Hatch First 

Get SALT Encoding   

  12  0:00  Drone  
  13  0:14  Overlord  
  13  0:20  Drone  
  14  0:35  Drone x2  
  16  0:39  Drone  
  17  0:50  Drone  
  18  1:03  Hatchery  
  17  1:15  Spawning Pool  
  16  1:18  Drone  
  16  1:20  Drone x2  
  19  1:31  Drone  
  20  1:44  Extractor  
  19  1:47  Drone  
  19  1:51  Drone  
  21  1:55  Hatchery  
  20  2:06  Drone  
  21  2:14  Queen  
  21  2:15  Extractor  
  22  2:20  Drone x2  
  25  2:25  Zergling x2  
  25  2:27  Zergling x2  
  27  2:36  Extractor  
  24  2:46  Drone x2  
  27  2:55  Drone  
  28  3:00  Overlord  
  28  3:03  Metabolic Boost  
  28  3:06  Queen  
  28  3:11  Overlord  
  29  3:14  Drone  
  29  3:17  Drone  
  29  3:22  Drone  
  29  3:23  Drone  
  30  3:27  Drone  
  30  3:30  Drone  
  30  3:33  Drone  
  33  3:45  Drone  
  33  3:46  Drone x3  
  37  3:52  Drone x2  
  37  3:53  Drone  
  37  3:54  Drone  
  41  4:00  Overlord  
  41  4:05  Zergling x2  
  41  4:07  Spore Crawler  
  39  4:10  Zergling x2  
  39  4:11  Zergling x2  
  39  4:15  Overlord  
  42  4:18  Queen  
  42  4:20  Zergling x4  
  42  4:21  Zergling x2  
  47  4:24  Zergling x4  
  49  4:31  Overlord  
  49  4:32  Overlord  
  49  4:39  Overlord  
  49  4:43  Overlord  
  49  4:47  Drone x2  
  49  4:48  Drone  
  49  4:50  Drone  
  54  4:52  Drone  
  54  4:54  Zergling x4  
  54  4:58  Zergling x4  
  56  5:02  Zergling x6  
  56  5:05  Zergling x4  
  61  5:09  Zergling x4  
  61  5:12  Zergling x4  
Tags
 
Add a new tag
Caveats
  • Supply blocks, unpowered buildings, or Contaminate may cause inaccurate times.
  • Supply counts are checked every 10 seconds.